 Dungeon Sprint DCSS version 0.30.1-11-g7821555f0a (webtiles) character file.

Game seed: 13203868136975857019

910 Heoruswealwe the Spear-Bearer (level 7, -19/73 HPs)
             Began as a Minotaur Fighter on Nov 9, 2023.
             Was an Initiate of Gozag.
             Demolished by a death knight
             ... wielding a +1 halberd
              (25 damage)
             ... in the Dungeon (Sprint IX: "|||||||||||||||||||||||||||||").
             The game lasted 00:02:00 (374 turns).

Heoruswealwe the Spear-Bearer (Minotaur Fighter)     Turns: 374, Time: 00:02:01

Health: -19/73     AC:  8    Str: 22    XL:     7   Next: 81%
Magic:  6/6        EV: 10    Int:  5    God:    Gozag
Gold:   585        SH:  0    Dex: 10    Spells: 6/6 levels left

rFire   . . .        b - +2 halberd (venom)
rCold   . . .        (shield currently unavailable)
rNeg    . . .        c - +0 scale mail
rPois   .            (helmet restricted)
rElec   .            (no cloak)
rCorr   .            (no gloves)
SInv    .            (no boots)
Will    .....        (no amulet) Stlth
                     (no ring)
HPRegen 0.32/turn    (no ring)
MPRegen 0.10/turn

%: no teleportation
@: no status effects
A: horns 2, retaliatory headbutt
a: Renounce Religion, Potion Petition, Call Merchant, Bribe Branch


You were in the Dungeon.
You worshipped Gozag.
Gozag was pleased with you.
You visited 1 branch You collected 585 gold pieces.

Inventory:

Hand Weapons
 a - a +0 trident
 b - a +2 halberd of venom (weapon)
Armour
 c - a +0 scale mail (worn)
 d - a +0 buckler
Jewellery
 l - a +3 ring of dexterity
 m - a +3 ring of dexterity
Wands
 h - a wand of roots (10)
Scrolls
 j - 2 scrolls of blinking
Potions
 e - 5 potions of curing
 f - 3 potions of heal wounds
 g - a potion of haste
 i - a potion of berserk rage
 k - a potion of might


   Skills:
 + Level 10.9 Fighting
 * Level 14.5 Polearms
 + Level 10.9 Armour
 - Level 3.6 Shields


You had 6 spell levels left.
You didn't know any spells.
Your spell library was empty.

Dungeon Overview and Level Annotations

Branches:
Dungeon (1/1)

Altars:
Cheibriados
Dithmenos
Elyvilon
Fedhas
Gozag
Hepliaklqana
Kikubaaqudgha
Makhleb
Nemelex Xobeh
Okawaru
Qazlal
Ru
Sif Muna
Trog
Uskayaw
Vehumet
Wu Jian
Xom
Yredelemnul
Zin
The Shining One
Jiyva
Lugonu


Innate Abilities, Weirdness & Mutations

You have a pair of horns on your head.
You reflexively headbutt those who attack you in melee.


Message History

a +0 short sword; 6 poisoned darts You feel sick.
You feel sick.
You now have enough gold to petition Gozag for potion effects.
You now have 585 gold pieces (gained 279).
Things that are here:
a +0 spear; a +0 ring mail You feel sick.
You are no longer poisoned.
You start resting.
HP restored.
You open the door.
A death knight, a wraith, an orc wizard, a four-headed hydra and a howler monkey come into view.
The death knight shouts!
The orc wizard shouts!
The four-headed hydra roars!
The howler monkey howls!
The death knight hits you from afar with a +1 halberd!!
The death knight hits you with a +1 halberd.
There is an open door here.
You completely miss the death knight.
The orc wizard gestures wildly while chanting.
The orc wizard flickers and vanishes!
Deactivating autopickup; reactivate with Ctrl-A.
The death knight hits you with a +1 halberd!!
* * * LOW HITPOINT WARNING * * *
You impale the death knight!!
The death knight is poisoned.
The death knight is moderately wounded.
The death knight hits you with a +1 halberd!
* * * LOW HITPOINT WARNING * * *
You slash the death knight!
The death knight is heavily wounded.
The howler monkey hoots and howls with incredible vigour!
You hit the death knight.
The death knight looks as sick as possible!
The death knight is heavily wounded.
The death knight closely misses you.
You closely miss the death knight.
The death knight is heavily wounded.
The death knight hits you with a +1 halberd!!
You die...
Your body crumbles into a pile of gold.

▓.▓
▓'▓
$
▓)▓
▓)▓
$ $
▓.▓
$
▓.▓
$ $
▓.▓
$
▓.▓
$
▓@▓
▓p▓
▓{▓
▓D▓
▓W▓
▓{▓
▓h▓
▓+▓


You could see a death knight (extremely poisoned), a four-headed hydra, a wraith
and a howler monkey.

Vanquished Creatures
  A troll (D)
  A hornet (D)
  A wyvern (D)
  An ice beast (D)
  An ogre (D)
  A kobold brigand (D)
  A gnoll sergeant (D)
  A howler monkey (D)
  A sleepcap (D)
  A bat (D)
  An endoplasm (D)
  A hobgoblin (D)
  A kobold (D)
  2 quokkas (D)
  A ball python (D)
16 creatures vanquished.

Notes
Turn   | Place    | Note
-------+----------+-------------------------------------------
     0 | D        | Heoruswealwe the Minotaur Fighter began the quest for the
                  | Orb.
     0 | D        | Reached XP level 1. HP: 19/19 MP: 0/0
     8 | D        | Reached skill level 3 in Polearms
    60 | D        | Noticed an ice beast
    60 | D        | Noticed an ogre
    60 | D        | Noticed a sleepcap
    67 | D        | Killed an ice beast
    68 | D        | Reached skill level 7 in Polearms
    68 | D        | Reached XP level 2. HP: 31/31 MP: 1/1
    68 | D        | Reached XP level 3. HP: 38/38 MP: 2/2
    68 | D        | Reached XP level 4. HP: 45/45 MP: 3/3
    87 | D        | Killed an ogre
    88 | D        | Reached skill level 9 in Polearms
    88 | D        | Reached XP level 5. HP: 29/52 MP: 4/4
    91 | D        | Reached skill level 10 in Polearms
    98 | D        | Found a snail-covered altar of Cheibriados.
    98 | D        | Found a shadowy altar of Dithmenos.
    98 | D        | Found a white marble altar of Elyvilon.
    98 | D        | Found a blossoming altar of Fedhas.
    98 | D        | Found an opulent altar of Gozag.
    99 | D        | Found a hazy altar of Hepliaklqana.
   100 | D        | Found a viscous altar of Jiyva.
   101 | D        | Found an ancient bone altar of Kikubaaqudgha.
   102 | D        | Found a corrupted altar of Lugonu.
   103 | D        | Found a burning altar of Makhleb.
   104 | D        | Found a sparkling altar of Nemelex Xobeh.
   105 | D        | Found an iron altar of Okawaru.
   106 | D        | Became a worshipper of Gozag Ym Sagoz the Greedy
   107 | D        | Found a stormy altar of Qazlal.
   108 | D        | Found a sacrificial altar of Ru.
   109 | D        | Found a shimmering blue altar of Sif Muna.
   110 | D        | Found a bloodstained altar of Trog.
   111 | D        | Found a hide-covered altar of Uskayaw.
   112 | D        | Found a radiant altar of Vehumet.
   113 | D        | Found an ornate altar of the Wu Jian Council.
   114 | D        | Found a shimmering altar of Xom.
   115 | D        | Found a basalt altar of Yredelemnul.
   116 | D        | Found a glowing silver altar of Zin.
   117 | D        | Found a glowing golden altar of the Shining One.
   148 | D        | Noticed a troll
   148 | D        | Noticed a wyvern
   148 | D        | Noticed a hornet
   152 | D        | Killed a troll
   153 | D        | Reached skill level 12 in Polearms
   153 | D        | Reached XP level 6. HP: 44/63 MP: 5/5
   161 | D        | Reached XP level 7. HP: 24/71 MP: 6/6
   166 | D        | Reached skill level 10 in Fighting
   166 | D        | Reached skill level 13 in Polearms
   166 | D        | Reached skill level 10 in Armour
   168 | D        | Killed a wyvern
   171 | D        | Paralysed by a hornet for 2 turns
   173 | D        | Killed a hornet
   174 | D        | Reached skill level 14 in Polearms
   368 | D        | Noticed a death knight
   368 | D        | Noticed a wraith
   368 | D        | Noticed a four-headed hydra
   374 | D        | Demolished by a death knight

Illustrated notes

Levels and vault maps discovered:
D:        linesprint [early_d, line_temple, items_1, d_10, items_2, lair_1,
          lair_end, items_3, orc_1, orc_end, items_4, d_15, swamp_1, shoals_1,
          snake_1, spider_1, d_20, vaults_1, items_5, swamp_end, shoals_end,
          snake_end, spider_end, vaults_end, d_27, items_6, zot_1, zot_end,
          crypt_end, forest_end, elf_end, slime_end, tomb_end, abyss_end,
          pan_hell_end]

Skill      XL: |  1  2  3  4  5  6  7 |
---------------+----------------------+-----
Polearms       | 7 9 12 14 | 14.5
Fighting       | 6 7 9 10 | 10.9
Armour         | 6 7 9 10 | 10.9
Shields        | |  3.6

Action                     |  1- 3 |  4- 6 |  7- 9 || total
---------------------------+-------+-------+-------++-------
  Melee: Trident           |    16 |    24 |       ||    40
         Headbutt          |     1 |     5 |     1 ||     7
         Halberd           |       |    11 |    15 ||    26
   Stab: Distracted        |       |       |     1 ||     1
 Armour: Scale mail        |    11 |     8 |     4 ||    23
  Dodge: Dodged            |     3 |    12 |     3 ||    18
  Block: Buckler           |     6 |     4 |       ||    10
